 Dungeon Crawl Stone Soup version 0.29-a0-422-gafbd6decc1 (webtiles) character file.

Game seed: 8585249888690462529

23698 snetch the Severer (level 12, -1/168 HPs)
             Began as a Minotaur Berserker on May 18, 2022.
             Was a High Priest of Trog.
             Succumbed to a wolf spider's poison
             ... in a Gauntlet.
             The game lasted 00:38:36 (11527 turns).

snetch the Severer (Minotaur Berserker)            Turns: 11527, Time: 00:38:36

Health: -1/168     AC: 13    Str: 28    XL:     12   Next: 74%
Magic:  11/11      EV: 17    Int:  4    God:    Trog [*****.]
Gold:   456        SH:  0    Dex:  9    Spells: 11/11 levels left

rFire   . . .      SeeInvis .   a - +7 battleaxe
rCold   . . .      Faith    .   (shield currently unavailable)
rNeg    . . .      Spirit   .   l - +3 ring mail of the Many Queens {rPois Will+}
rPois   +          Reflect  .   (helmet restricted)
rElec   .          Harm     .   C - +1 cloak
rCorr   +          Rampage  .   L - +0 pair of gloves
Will    +++..      NoTele   +   z - +2 pair of boots {Fly}
Stlth   ..........              P - amulet of regeneration
HPRegen 2.18/turn               n - ring of resist corrosion
MPRegen 0.12/turn               y - +4 ring of evasion

@: berserking, lethally poisoned (-1 -> -11), strong-willed, corroded, flying,
regenerating, very quick
A: horns 2, retaliatory headbutt
a: Renounce Religion, Berserk, Trog's Hand, Brothers in Arms


You were in a Gauntlet.
You worshipped Trog.
Trog was extremely pleased with you.
You visited 2 branches of the dungeon, and saw 14 of its levels.
You also visited: Gauntlet.

You collected 707 gold pieces.
You spent 251 gold pieces at shops.

Inventory:

Hand Weapons
 a - a +7 battleaxe (weapon)
 b - a +4 flail
 c - a +2 trident of freezing
 d - a +2 scimitar of flaming
Missiles
 e - 41 poisoned darts
 j - 416 stones (quivered)
 F - 7 boomerangs
 N - 2 curare-tipped darts
Armour
 l - the +3 ring mail of the Many Queens (worn) {rPois Will+}
   (You found it on level 2 of the Dungeon)

   rPois:     It protects you from poison.
   Will:      It increases your willpower.
 m - a +0 pair of boots
 z - a +2 pair of boots of flying (worn)
 C - a +1 cloak (worn)
 L - a +0 pair of gloves (worn)
Jewellery
 n - a ring of resist corrosion (left hand)
 o - a ring of protection from cold
 y - a +4 ring of evasion (right hand)
 P - an amulet of regeneration (around neck)
Wands
 k - a wand of iceblast (18)
 x - a wand of mindburst (25)
 I - a wand of polymorph (3)
 Q - a wand of acid (7)
 S - a wand of paralysis (6)
Scrolls
 h - 3 scrolls of vulnerability
 i - a scroll of fear {unknown}
 t - 2 scrolls of poison
 v - a scroll of blinking
 A - a scroll of magic mapping
 E - 6 scrolls of teleportation
 T - a scroll of silence
Potions
 f - a potion of haste
 g - 4 potions of curing
 p - 2 potions of mutation
 q - 5 potions of flight
 s - 2 potions of cancellation
 u - 5 potions of heal wounds
 w - 2 potions of might
 B - 7 potions of lignification {unknown}
 K - 8 potions of ambrosia
 O - a potion of attraction
 R - a potion of resistance
Miscellaneous
 r - a lightning rod (4/4)
 V - a piece from Xom's chessboard (15/15)


   Skills:
 + Level 11.9 Fighting
 + Level 15.6(16.8) Axes
 + Level 8.7(13.2) Maces & Flails
 + Level 5.2(11.4) Polearms
 + Level 5.5 Throwing
 + Level 8.9 Armour
 + Level 7.8 Dodging
 + Level 1.9 Stealth
 - Level 2.9 Shields


You had 11 spell levels left.
You didn't know any spells.
Your spell library contained the following spells:

 Spells                   Type           Power      Damage    Failure   Level
 Blink                    Tloc           0%         N/A       75%         2
 Corpse Rot               Necr/Air       0%         N/A       75%         2
 Inner Flame              Hex/Fire       0%         N/A       93%         3
 Lesser Beckoning         Tloc           0%         N/A       93%         3
 Portal Projectile        Hex/Tloc       0%         N/A       93%         3
 Cause Fear               Hex            0%         N/A       100%        4
 Dispel Undead            Necr           0%         3d6       100%        4
 Passage of Golubria      Tloc           0%         N/A       100%        4
 Alistair's Intoxication  Tmut/Pois      0%         N/A       100%        5
 Blade Hands              Tmut           0%         N/A       100%        5
 Excruciating Wounds      Necr           0%         N/A       100%        5
 Manifold Assault         Tloc           0%         N/A       100%        5
 Death Channel            Necr           0%         N/A       100%        6
 Discord                  Hex            0%         N/A       100%        8


Dungeon Overview and Level Annotations

Branches:
Dungeon (13/15)            Temple (1/1) D:4            Lair (0/6) D:8
    Orc (0/2) D:11        Gauntlet (1/1)
 Vaults: D:13-14

Altars:
Ashenzari
Cheibriados
Dithmenos
Elyvilon
Fedhas
Gozag
Hepliaklqana
Kikubaaqudgha
Makhleb
Nemelex Xobeh
Okawaru
Qazlal
Ru
Sif Muna
Trog
Uskayaw
Vehumet
Wu Jian
Xom
Yredelemnul
Zin
The Shining One

Shops:
D:2 !   D:4 ![(   D:7 ?

Annotations:
D:11 wizards behind water
D:12 loot behind rock Gauntlet 9 transporters


Innate Abilities, Weirdness & Mutations

You have a pair of horns on your head.
You reflexively headbutt those who attack you in melee.


Message History

* * * LOW HITPOINT WARNING * * *
The wolf spider bites you!
* * * LOW HITPOINT WARNING * * *
You hit the entropy weaver.
The entropy weaver is heavily wounded.
You closely miss the wolf spider.
The jumping spider leaps!
The entropy weaver hits you but does no damage.
The entropy weaver misses you. The entropy weaver hits you.
* * * LOW HITPOINT WARNING * * *
The entropy weaver hits you but does no damage.
The wolf spider hits you but does no damage.
The wolf spider misses you.
You slice the entropy weaver!!
Your headbutt misses the entropy weaver.
The entropy weaver is severely wounded.
You closely miss the wolf spider. The entropy weaver hits you!
* * * LOW HITPOINT WARNING * * *
The entropy weaver hits you.
* * * LOW HITPOINT WARNING * * *
The entropy weaver hits you but does no damage. x2
You slice the entropy weaver!!
You kill the entropy weaver!
Trog accepts your kill.
Trog appreciates your killing of a magic user.
You hit the wolf spider. The wolf spider hits you!
* * * LOW HITPOINT WARNING * * *
The wolf spider bites you.
* * * LOW HITPOINT WARNING * * *
You are poisoned.
The wolf spider poisons you!
The jumping spider fails to trigger a net trap.
The jumping spider leaps!
The wolf spider hits you!
* * * LOW HITPOINT WARNING * * *
The wolf spider bites you but does no damage.
You are too berserk!
You are too berserk!
You are too berserk!
You closely miss the wolf spider. Your headbutt misses the wolf spider.
The wolf spider is moderately wounded.
You die...

##......#.©.#........#...#.
#§...###########.....#.©.#.
##...#..#^.....#...########
#§...#.°.#.....#...#.......
##...#.^.#^...##...#.⌠.8.8.
#≈...#...©#.##.#...#..P.P..
##§8.#°.s###^..#.8.#.#.©.#.
#§§..#.##.#s°.s#...#wwP....
##§..##...@#.§.#...#w#.#.#.
#§...#..^..#...#...#wwww?[.
##...#=..?©.#.)#...########
#§...###########...........
##...............8.....8...
#≈.8......8................
##...............#≈########
##§#≈#≈#§#≈#≈#§####.......
############### #..8.8.8.


You could see a wolf spider and 2 jumping spiders.

Vanquished Creatures
  An entropy weaver (Gauntlet)
  A hydra (D:7)
  A great orb of eyes (Gauntlet)
  A boulder beetle (D:11)
  Erolcha (D:9)
  3 two-headed ogres
  Pikel (D:6)
  3 ugly things
  4 cyclopes
  Joseph (D:9)
  Maggie (D:7)
  A kobold demonologist (D:10)
  An efreet (D:13)
  2 komodo dragons (D:12)
  2 trolls
  A queen bee (D:9)
  Prince Ribbit (D:8)
  5 slime creatures (D:12)
  A vampire (D:11)
  2 wraiths
  24 yaks
  A shadow (D:11)
  A basilisk (D:8)
  4 wyverns (D:8)
  Grum (D:9)
  11 vampire mosquitoes (D:13)
  Menkaure (D:6)
  An acid dragon (D:11)
  3 water moccasins (D:8)
  Duvessa (D:7)
  4 orc warriors
  2 black bears (D:7)
  3 ogres
  2 sky beasts (D:7)
  7 centaurs
  4 wolves (D:9)
  A bullfrog (D:9)
  A phantom (D:5)
  3 kobold brigands
  6 necrophages
  A scorpion (D:5)
  10 wights
  Dowan (D:7)
  23 killer bees (D:9)
  4 howler monkeys
  A centaur zombie (D:9)
  3 hounds
  4 jellies
  2 gnoll shamans
  5 orc priests
  4 iguanas
  8 orc wizards
  3 howler monkey zombies (D:9)
  11 gnolls
  7 adders
  3 white imps
  A worm (D:2)
  4 dart slugs
  36 orcs
  7 endoplasms
  8 giant cockroaches
  11 goblins
  8 hobgoblins
  6 jackals
  19 kobolds
  2 quokkas
  5 ball pythons
  5 bats
  5 frilled lizards
  9 rats
  A bush (D:8)
332 creatures vanquished.

Vanquished Creatures (collateral kills)
  3 kobolds (D:8)
3 creatures vanquished.

Vanquished Creatures (others)
  A kobold (D:7)
  3 fungi (D:8)
  22 plants
26 creatures vanquished.

Grand Total: 361 creatures vanquished

Notes
Turn   | Place    | Note
-------+----------+-------------------------------------------
     0 | D:1      | snetch the Minotaur Berserker began the quest for the Orb.
     0 | D:1      | Reached XP level 1. HP: 19/19 MP: 0/0
   176 | D:2      | Reached skill level 4 in Axes
   176 | D:2      | Reached XP level 2. HP: 18/27 MP: 1/1
   693 | D:1      | Reached ** piety under Trog
   694 | D:1      | Reached XP level 3. HP: 33/33 MP: 2/2
   917 | D:2      | Reached skill level 1 in Polearms
   937 | D:2      | Reached XP level 4. HP: 15/41 MP: 3/3
   955 | D:2      | Identified the +3 ring mail of the Many Queens {rPois
                  | Will+}
  1411 | D:2      | Found Efeo's Distillery.
  1415 | D:2      | Bought a potion of curing for 36 gold pieces
  1415 | D:2      | Bought a potion of degeneration for 12 gold pieces
  1415 | D:2      | Bought a potion of flight for 36 gold pieces
  1474 | D:2      | You fall into a shaft and drop 2 floors!
  1487 | D:4      | Noticed an orc warrior
  1504 | D:4      | Killed an orc warrior
  1505 | D:4      | Reached XP level 5. HP: 15/47 MP: 4/4
  1733 | D:4      | Found a shimmering blue altar of Sif Muna.
  1791 | D:5      | Entered Level 5 of the Dungeon
  1796 | D:5      | Noticed an ogre
  1801 | D:5      | Killed an ogre
  1802 | D:5      | Reached skill level 5 in Fighting
  1802 | D:5      | Reached XP level 6. HP: 56/56 MP: 5/5
  1899 | D:4      | Found Xastraj's Distillery.
  1953 | D:4      | Reached skill level 1 in Maces & Flails
  1957 | D:4      | Bought a potion of heal wounds for 50 gold pieces
  2083 | D:4      | Found a staircase to the Ecumenical Temple.
  2093 | D:4      | Reached *** piety under Trog
  2102 | D:4      | Reached XP level 7. HP: 29/62 MP: 6/6
  3294 | D:4      | Found Curom's Antique Weapon Emporium.
  3576 | D:4      | Found Xeiba's Antique Armour Shop.
  3865 | Temple   | Entered the Ecumenical Temple
  4069 | D:6      | Reached skill level 5 in Armour
  4209 | D:5      | Identified the +1 robe "Wovytra" {Int+4}
  4395 | D:6      | Reached **** piety under Trog
  4396 | D:6      | Reached skill level 5 in Axes
  4423 | D:5      | Reached XP level 8. HP: 66/70 MP: 7/7
  4523 | D:5      | Reached skill level 1 in Shields
  4532 | D:5      | Reached skill level 1 in Throwing
  4594 | D:5      | Reached skill level 1 in Stealth
  4961 | D:6      | Got the Volume of Spatial Changing
  5005 | D:6      | Reached skill level 5 in Maces & Flails
  5279 | D:7      | Noticed Pikel
  5279 | D:7      | Noticed Duvessa
  5279 | D:7      | Noticed Dowan
  5285 | D:6      | Killed Pikel
  5286 | D:6      | Reached skill level 6 in Axes
  5286 | D:6      | Reached XP level 9. HP: 79/79 MP: 8/8
  5343 | D:7      | Killed Duvessa
  5346 | D:7      | Killed Dowan
  5557 | D:6      | Noticed Menkaure
  5560 | D:6      | Killed Menkaure
  5868 | D:6      | Reached skill level 7 in Axes
  5968 | D:7      | Found Konuosin's Magic Scroll Emporium.
  5976 | D:7      | Bought a scroll of teleportation for 39 gold pieces
  5976 | D:7      | Bought a scroll of noise for 13 gold pieces
  5976 | D:7      | Bought a scroll of identify for 26 gold pieces
  5976 | D:7      | Bought a scroll of teleportation for 39 gold pieces
  6073 | D:8      | Reached skill level 5 in Dodging
  6170 | D:7      | Noticed a four-headed hydra
  6187 | D:7      | Killed a four-headed hydra
  6187 | D:7      | Reached ***** piety under Trog
  6188 | D:7      | Reached skill level 5 in Polearms
  6188 | D:7      | Reached XP level 10. HP: 38/88 MP: 4/9
  6613 | D:7      | Noticed Maggie
  6625 | D:7      | Killed Maggie
  6884 | D:8      | Noticed Prince Ribbit
  6895 | D:8      | Reached skill level 8 in Axes
  6896 | D:8      | Found a staircase to the Lair.
  6903 | D:8      | Killed Prince Ribbit
  6979 | D:9      | Noticed a two-headed ogre
  6988 | D:9      | Killed a two-headed ogre
  6989 | D:9      | Reached skill level 9 in Axes
  6993 | D:9      | Noticed Grum
  7001 | D:9      | Killed Grum
  7071 | D:9      | Reached skill level 10 in Axes
  7143 | D:8      | Reached XP level 11. HP: 89/97 MP: 8/10
  7939 | D:9      | Noticed Erolcha
  7952 | D:9      | Killed Erolcha
  7953 | D:9      | Reached skill level 11 in Axes
  8334 | D:10     | Entered Level 10 of the Dungeon
  8340 | D:10     | Identified the +5 dagger "Arbiter" {elec, rN+ Stlth+}
  8459 | D:9      | Noticed Joseph
  8485 | D:9      | Killed Joseph
  8486 | D:9      | Reached skill level 10 in Fighting
  8847 | D:9      | Noticed a two-headed ogre
  8854 | D:9      | Killed a two-headed ogre
  8960 | D:10     | Reached skill level 12 in Axes
  8960 | D:10     | Reached skill level 5 in Throwing
  8991 | D:10     | Received a gift from Trog
  9167 | D:10     | Noticed a sixfirhy
 10074 | D:11     | Noticed a purple ugly thing
 10084 | D:11     | Killed a purple ugly thing
 10085 | D:11     | Reached skill level 13 in Axes
 10251 | D:11     | Found a staircase to the Orcish Mines.
 10251 | D:11     | Noticed a boulder beetle
 10258 | D:11     | Killed a boulder beetle
 10432 | D:11     | Reached XP level 12. HP: 104/108 MP: 11/11
 10543 | D:11     | Found a shimmering blue altar of Sif Muna.
 10842 | D:12     | Reached skill level 14 in Axes
 10904 | D:12     | Noticed a two-headed ogre
 10914 | D:12     | Killed a two-headed ogre
 11179 | D:13     | Found a gate leading to a gauntlet.
 11188 | D:13     | Reached skill level 15 in Axes
 11215 | D:13     | Noticed a two-headed ogre
 11218 | Gauntlet | Entered a Gauntlet
 11218 | Gauntlet | Found a transporter.
 11221 | Gauntlet | Found a transporter.
 11221 | Gauntlet | Noticed a great orb of eyes
 11222 | Gauntlet | Noticed a great orb of eyes
 11225 | Gauntlet | Found a transporter.
 11226 | Gauntlet | Found a transporter.
 11229 | Gauntlet | Noticed an entropy weaver
 11283 | Gauntlet | Found a transporter.
 11283 | Gauntlet | Found a transporter.
 11285 | Gauntlet | Found a transporter.
 11288 | Gauntlet | Found a transporter.
 11305 | Gauntlet | Found a transporter.
 11309 | Gauntlet | Noticed a five-headed hydra
 11325 | Gauntlet | Found a transporter.
 11327 | Gauntlet | Found a transporter.
 11329 | Gauntlet | Noticed a death scarab
 11333 | Gauntlet | Noticed a death scarab
 11335 | Gauntlet | Found a transporter.
 11488 | Gauntlet | Killed a great orb of eyes
 11526 | Gauntlet | Killed an entropy weaver
 11526 | Gauntlet | HP: 1/168 [wolf spider (14)]
 11527 | Gauntlet | Succumbed to a wolf spider's poison

Illustrated notes

Levels and vault maps discovered:
D:1:      scummos_arrival_gate, layout_rooms, corexii_hall_statues_u
D:2:      layout_rooms, serial_shops, nicolae_shop_stone,
          roderic_serpentine_path, dreamdust_princess_corridor,
          grunt_ministairs_15
D:3:      layout_basic, grunt_ministairs_15, corexii_shack
D:4:      layout_gridville, old_standard_altar, temple_pool_b, serial_shops,
          shop, nicolae_shop_trees, shop
D:5:      layout_basic
D:6:      layout_rooms, hangedman_abyss_or_decor_lesser_grid,
          nicolae_concentric_dashed_squares_wild, uniq_menkaure
D:7:      layout_gridville, serial_shops, shop, st_stairs_5, uniq_pikel,
          uniq_duvessa, uniq_maggie
D:8:      layout_basic, minmay_lair_entry_grove, st_stairs_13,
          uniq_prince_ribbit1
D:9:      layout_basic, special_room [special_room_bee], serial_undead,
          serial_undead_a, serial_undead_f, serial_undead_f, serial_undead_e,
          uniq_joseph, uniq_erolcha, uniq_grum
D:10:     layout_stronghold
D:11:     layout_basic, orc_0_dummy, led_sif_book
D:12:     layout_loops_ring, grunt_ministairs_5, minivault_21, uniq_josephine
D:13:     layout_big_octagon, gauntlet_entry_generic, uniq_maurice, uniq_frances
Temple:   kilobyte_greek_temple
Gauntlet: minmay_gauntlet_mixed_oops_all_seconds
          [minmay_gauntlet_arena_77_double_cross, nicolae_gauntlet_arena_blocks,
          minmay_gauntlet_arena_77_checkered, nicolae_gauntlet_swirl,
          minmay_gauntlet_arena_77_museum, gammafunk_gauntlet_arena_corners,
          gauntlet_exit_watery]

Skill      XL: |  1  2  3  4  5  6  7  8  9 10 11 12 |
---------------+-------------------------------------+-----
Axes           | 4 5 6 7 10 13 15 | 15.6
Fighting       | 4 5 6 7 8 9 10 11 | 11.9
Polearms       | 1 3 4 5 |  5.2
Armour         | 3 4 5 6 7 8 |  8.9
Dodging        | 3 5 6 7 |  7.8
Maces & Flails | 1 3 5 8 |  8.7
Shields        | 2 |  2.9
Throwing       | 2 3 4 5 |  5.5
Stealth        | 1 |  1.9

Action                   |  1- 3 |  4- 6 |  7- 9 | 10-12 || total
-------------------------+-------+-------+-------+-------++-------
Melee: Hand axe          |    23 |       |       |       ||    23
       Headbutt          |     8 |    10 |    36 |    62 ||   116
       Punch             |     1 |       |       |       ||     1
       Trident           |    43 |    37 |    11 |     6 ||    97
       Flail             |       |    56 |   192 |       ||   248
       War axe           |       |       |    25 |       ||    25
       Battleaxe         |       |       |       |   354 ||   354
Throw: Dart              |       |       |    36 |    35 ||    71
       Stone             |       |       |     5 |    28 ||    33
       Boomerang         |       |       |       |     3 ||     3
Invok: Berserk           |     1 |     2 |     2 |     6 ||    11
       Trog's Hand       |       |       |       |     3 ||     3
       Brothers in Arms  |       |       |       |     1 ||     1
Evoke: Wand              |       |       |       |     1 ||     1
  Use: Scroll            |       |       |     9 |     8 ||    17
Armor: Animal skin       |     2 |       |       |       ||     2
       Leather armour    |     5 |       |       |       ||     5
       Ring mail         |       |    32 |    99 |   144 ||   275
Dodge: Dodged            |    35 |    57 |   240 |   322 ||   654
Block: Buckler           |       |    11 |    31 |       ||    42

Table legend: (Time is in decaauts)
 A = Elapsed time spent in this place.
 B = Non-inter-level travel time spent in this place.
 C = Inter-level travel time spent in this place.
 D = Time resting spent in this place.
 E = Time spent auto-exploring this place.
 F = Levels seen in this place.
 G = Mean time per level.
                   A        B        C        D        E       F      G
               +--------+--------+--------+--------+--------+-----+--------+
         Total |  11697 |  11218 |    479 |     40 |   7801 |  15 |  779.8 |
       Dungeon |  11234 |  10762 |    472 |     40 |   7458 |  13 |  864.2 |
        Temple |    153 |    146 |      7 |      0 |    141 |   1 |  153.0 |
      Gauntlet |    309 |    309 |      0 |      0 |    202 |   1 |  309.0 |
               +--------+--------+--------+--------+--------+-----+--------+

Top non-repeatable levels by time:
     D:4: 1272 daAuts
     D:9: 1117 daAuts
     D:8: 1041 daAuts
    D:10: 1029 daAuts
     D:6: 1012 daAuts
     D:2: 964 daAuts
    D:11: 946 daAuts
     D:3: 917 daAuts
     D:5: 885 daAuts
     D:7: 845 daAuts
     D:1: 813 daAuts
Gauntlet: 309 daAuts
    D:12: 294 daAuts
  Temple: 153 daAuts
    D:13: 93 daAuts
